 Dungeon Crawl Stone Soup version 0.19.5 (webtiles) character file.

244 miragecloak the Insei (level 6, -13/38 HPs)
             Began as an Octopode Transmuter on May 15, 2017.
             Killed by divine providence
             ... invoked by an orc priest
              (14 damage)
             ... on level 4 of the Dungeon.
             The game lasted 00:03:25 (3312 turns).

miragecloak the Insei (Octopode Transmuter)         Turns: 3312, Time: 00:03:27

Health: -13/38     AC:  0    Str:  9    XL:     6   Next: 10%
Magic:  6/9        EV: 20    Int: 16    God:
Gold:   144        SH:  0    Dex: 19    Spells: 2 memorised, 5 levels left

rFire  . . .     SeeInvis .       - Unarmed
rCold  . . .     Gourm    .     (shield currently unavailable)
rNeg   . . .     Faith    .     (helmet currently unavailable)
rPois  x         Spirit   .     (no amulet)
rElec  .         Reflect  .     i - -2 ring of protection (curse)
rCorr  .         Harm     .     (no ring)
MR     .....                    (no ring)
Stlth  ++........               (no ring)
                                (no ring)
                                (no ring)
                                (no ring)
                                (no ring)

@: spider-form
A: almost no armour, stealthy swim, (amphibious), 8 rings, (constrict 8),
(camouflage 0), (gelatinous body 0)
a: End Transformation


You were on level 4 of the Dungeon.
You were hungry.
You were a venomous arachnid creature.
You visited 1 branch of the dungeon, and saw 4 of its levels.

You collected 144 gold pieces.

Inventory:

Missiles
 a - 61 arrows
Jewellery
 i - a cursed -2 ring of protection (left front leg)
Scrolls
 d - 3 scrolls of identify {unknown}
 f - a scroll of enchant armour {unknown}
 g - a scroll of blinking {unknown}
 h - a scroll of recharging {unknown}
 l - a scroll of enchant weapon {unknown}
Potions
 e - a potion of resistance {unknown}
 j - a potion of heal wounds {unknown}
 k - a potion of haste {unknown}
 m - a potion of lignification {unknown}
Books
 b - a book of Changes

   Spells                             Type                      Level
   a - Beastly Appendage              Transmutation                1
   b - Sticks to Snakes               Transmutation                2
   c - Spider Form                    Transmutation/Poison         3
   d - Ice Form                       Ice/Transmutation            4
   e - Blade Hands                    Transmutation                5
Comestibles
 c - 2 bread rations


   Skills:
 - Level 1.0 Fighting
 - Level 2.0 Dodging
 + Level 4.4 Unarmed Combat
 - Level 2.0 Spellcasting
 - Level 4.0 Transmutations
 - Level 3.6 Poison Magic


You had 5 spell levels left.
You knew the following spells:

 Your Spells              Type           Power        Failure   Level  Hunger
a - Beastly Appendage     Tmut           ##....       14%         1    #......
b - Spider Form           Tmut/Pois      ##........   32%         3    ###....


Dungeon Overview and Level Annotations

Branches:
Dungeon (4/15)
 Temple: D:4-7

Altars:
Uskayaw


Innate Abilities, Weirdness & Mutations

You cannot wear most types of armour.
You are very stealthy in the water. (Stealth+)
((You are amphibious.))
You can wear up to eight rings at the same time.
((You can use your tentacles to constrict eight enemies at once.))
((Your skin changes colour to match your surroundings (Stealth+).))
((Your rubbery body absorbs attacks. (AC +1, EV +1)))


Message History

Increase (S)trength, (I)ntelligence, or (D)exterity?
You feel agile.
The orc priest hits you with a hand axe!
You closely miss the orc priest.
The orc priest hits you with a hand axe.
The adder skeleton closely misses you.
You barely miss the orc priest.
The adder skeleton completely misses you.
The orc priest hits you with a hand axe.
The orc completely misses you.
You hit the orc priest but do no damage.
The orc priest is poisoned.
The adder skeleton misses you.
The orc priest hits you with a hand axe.
The orc completely misses you. The adder skeleton barely misses you.
The orc priest invokes the aid of Beogh against you.
Beogh smites you!
* * * LOW HITPOINT WARNING * * *
The orc priest mumbles some strange prayers to Beogh against you.
Beogh smites you!
You die...

###
#....#.#..#.#
#.........#.#
#.....##.##.#
#.#.#.....#.#
#.#.#..#.##.#
#.#....####.#
#...........#
####....#####
#.######s...#
#....).Zo...#
......o.....(#
.............#
.............#
..........#..#
).........+.>#
......$...####
..........#


You could see an orc priest, an orc and an adder skeleton.

Vanquished Creatures
  An orc priest (D:4)
  2 hounds (D:4)
  A worker ant (D:4)
  A hound skeleton (D:2)
  6 adders
  An adder skeleton (D:2)
  A worm (D:2)
  2 dart slugs
  2 leopard geckos
  An orc (D:4)
  A ball python (D:2)
  A bat (D:1)
  A bat skeleton (D:2)
  A bat zombie (D:2)
  5 giant cockroaches
  3 goblins
  4 hobgoblins
  3 jackals (D:4)
  4 kobolds
  2 quokkas
  3 frilled lizards
  A jackal zombie (D:2)
  A leopard gecko skeleton (D:2)
  10 rats
58 creatures vanquished.

Notes
Turn   | Place    | Note
-------+----------+-------------------------------------------
     0 | D:1      | miragecloak the Octopode Transmuter began the quest for the Orb.
     0 | D:1      | Reached XP level 1. HP: 13/13 MP: 3/3
   386 | D:1      | Reached XP level 2. HP: 6/18 MP: 3/5
  1390 | D:1      | Reached XP level 3. HP: 14/23 MP: 4/6
  1395 | D:1      | Learned a level 3 spell: Spider Form
  1431 | D:2      | Noticed a dagger
  1432 | D:2      | Noticed a dagger
  1436 | D:2      | Found a hide-covered altar of Uskayaw.
  1514 | D:2      | Reached skill level 1 in Poison Magic
  2115 | D:2      | Reached XP level 4. HP: 28/28 MP: 5/7
  2860 | D:4      | Reached XP level 5. HP: 18/33 MP: 2/8
  3307 | D:4      | Reached XP level 6. HP: 31/38 MP: 5/9
  3311 | D:4      | HP: 1/38 [orc priest/divine providence (13)]
  3312 | D:4      | Killed from afar by an orc priest

Skill      XL: |  1  2  3  4  5 |
---------------+----------------+-----
Transmutations | 3 4 |  4.0
Poison Magic   | 2 3 |  3.6
Unarmed Combat | 4 |  4.4
Fighting       | |  1.0
Dodging        | |  2.0
Spellcasting   | |  2.0

Action                   |  1- 3 |  4- 6 || total
-------------------------+-------+-------++-------
Melee: Unarmed           |    78 |    87 ||   165
       Constrict         |    17 |     9 ||    26
       Tentacles         |    10 |     3 ||    13
       Kick              |    13 |     6 ||    19
 Cast: Beastly Appendage |    15 |    13 ||    28
       Spider Form       |       |    10 ||    10
 Stab: Sleeping          |     1 |     2 ||     3
  Eat: Chunk             |     2 |     7 ||     9
Armor: Skin              |     3 |       ||     3
Dodge: Dodged            |    39 |    97 ||   136
